AoeStats
← Your Mom

Highland

506606423Analyzed
2v2 RM · 19d ago on Sep 14, 2026· 61m 22s· 4 players
Game mode
Random Map
Map size
Medium (4 player)
Population
200
Speed
Normal
Resources
Standard
Victory
Conquest
Starting age
Dark Age
Ending age
Imperial Age
RankedLock teamsTeams togetherTeam positionsShared explorationLock speedFull tech treeHidden civsTurbo modeCheats
Victory
Defeat
🇩🇪 Franks · Germany
841
+12
🇺🇸 Tupi · United States
783
+14
🇫🇷 Vietnamese · France
743
-13
🇦🇹 Malians · Austria
739
-13
LatentVariable
12:16 Feudal Age
13:03 Loom
14:13 Double-Bit Axe
19:19 Stone Mining
19:12 Horse Collar
20:32 Fletching
20:55 Forging
22:47 Castle Age
20:55 Padded Archer Armor
24:00 Bodkin Arrow
24:10 Gold Mining
23:45 Elite Skirmisher
25:34 Wheelbarrow
26:34 Ballistics
27:09 Medium Warships
27:25 Town Watch
30:03 Pikeman
31:26 Iron Casting
30:51 Scale Mail Armor
40:00 Imperial Age
39:10 Leather Archer Armor
39:11 Chain Mail Armor
38:52 Guard Tower
41:27 Hoardings
41:16 Conscription
42:44 Curare
43:47 Elite Blackwood Archer
45:08 Capped Ram
47:15 Halberdier
48:01 Town Patrol
49:05 Champi Runner
52:10 Heresy
52:27 Theocracy
51:54 Devotion
51:51 Herbal Medicine
52:00 Heavy Plow
51:24 Siege Ram
54:17 Hand Cart
55:38 Heavy Warships
55:47 Heavy Warships
56:52 Chemistry
60:56 Bracer
Your Mom
0:27 Loom
9:58 Feudal Age
10:31 Double-Bit Axe
13:13 Gold Mining
18:29 Wheelbarrow
23:57 Castle Age
24:30 Scale Barding Armor
24:35 Forging
24:22 Light Cavalry
25:04 Husbandry
25:44 Bow Saw
29:29 Pikeman
30:10 Squires
41:19 Imperial Age
39:07 Hand Cart
39:18 Stone Mining
42:49 Conscription
42:51 #83
41:53 Elite Throwing Axeman
44:17 Cavalier
45:38 Iron Casting
45:56 Gold Shaft Mining
45:43 Chain Barding Armor
46:01 Caravan
54:58 Paladin
56:19 Chivalry
56:44 Ballistics
56:35 Fortified Wall
56:31 Siege Engineers
56:22 Murder Holes
56:38 Masonry
57:28 Chemistry
56:19 Halberdier
59:04 Plate Barding Armor
59:30 Blast Furnace
58:21 Fletching
58:32 Scale Mail Armor
suoplementmayo
7:03 Loom
10:05 Feudal Age
10:41 Horse Collar
15:13 Double-Bit Axe
20:43 Castle Age
22:16 Fletching
24:47 Wheelbarrow
24:19 Caravan
25:03 Bow Saw
28:49 Ballistics
27:53 Crossbowman
33:14 Bodkin Arrow
39:06 Imperial Age
40:52 Chemistry
42:48 Arbalester
57:28 Hand Cart
ChessFish888
7:43 Loom
10:37 Feudal Age
11:11 Double-Bit Axe
12:51 Horse Collar
14:47 Gold Mining
17:00 Fletching
18:49 Bloodlines
24:21 Castle Age
23:26 Scale Barding Armor
23:33 Forging
23:43 Stone Mining
25:48 Heavy Plow
26:01 Bow Saw
26:05 Husbandry
26:58 Chain Barding Armor
27:13 Iron Casting
26:32 Treadmill Crane
28:00 Iron Casting
31:51 Gold Shaft Mining
31:51 Stone Shaft Mining
34:34 Wheelbarrow
38:46 Imperial Age
36:57 Murder Holes
39:54 Masonry
40:28 Hoardings
40:48 Conscription
43:09 Ballistics
43:51 Heavy Camel Rider
49:43 Chemistry
58:10 Tigui
61:44 Plate Barding Armor
Connection lost

Rejoining the realm…

Still unreachable

The connection could not be restored.

Session expired

The server has moved on; the page needs a fresh start.